 Dungeon Crawl Stone Soup version 0.27.1 (webtiles) character file.

Game seed: 13474978454830411087

5 Hoon the Vexing (level 1, -1/14 HPs)
             Began as a Hill Orc Enchanter on Sept 1, 2021.
             Slain by a ball python (2 damage)
             ... on level 1 of the Dungeon.
             The game lasted 00:03:21 (252 turns).

Hoon the Vexing (Hill Orc Enchanter)                 Turns: 252, Time: 00:03:21

Health: -1/14      AC:  2    Str: 10    XL:     1   Next: 80%
Magic:  2/3        EV: 12    Int: 15    God:
Gold:   0          SH:  0    Dex: 11    Spells: 1/3 levels left

rFire    . . .     SeeInvis .   a - +1 dagger
rCold    . . .     Faith    .   (no shield)
rNeg     . . .     Spirit   .   b - +0 robe
rPois    .         Reflect  .   (no helmet)
rElec    .         Harm     .   (no cloak)
rCorr    .         Rampage  .   (no gloves)
Will     .....                  (no boots)
Stlth    ++........             (no amulet)
HPRegen  0.04/turn              (no ring)
MPRegen  0.08/turn              (no ring)

@: no status effects
A: no striking features
a: no special abilities


You were on level 1 of the Dungeon.
You visited 1 branch of the dungeon, and saw 1 of its levels.

Inventory:

Hand Weapons
 a - a +1 dagger (weapon)
Armour
 b - a +0 robe (worn)


   Skills:
 + Level 1.0 Short Blades
 + Level 1.6 Dodging
 + Level 2.5 Stealth
 + Level 1.7 Spellcasting
 + Level 3.1 Hexes


You had one spell level left.
You knew the following spells:

 Your Spells              Type           Power      Damage    Failure   Level
a - Corona                Hex            11%        N/A       6%          1
b - Animate Skeleton      Necr           2%         N/A       22%         1

Your spell library contained the following spells:

 Spells                   Type           Power      Damage    Failure   Level
 Apportation              Tloc           2%         N/A       22%         1
 Summon Small Mammal      Summ           4%         N/A       22%         1
 Ensorcelled Hibernation  Hex/Ice        10%        N/A       19%         2
 Confusing Touch          Hex            10%        N/A       19%         3
 Tukima's Dance           Hex            10%        N/A       19%         3
 Dazzling Flash           Conj/Hex       10%        N/A       36%         3


Dungeon Overview and Level Annotations

Branches:
Dungeon (1/15)

Altars:


Message History

You barely miss the jackal. The jackal barely misses you.
You hit the jackal but do no damage.
The jackal bites you but does no damage.
The jackal closely misses you.
You closely miss the jackal. The jackal misses you.
You hit the jackal.
The jackal is heavily wounded.
The jackal bites you.
* * * LOW HITPOINT WARNING * * *
Unknown command.
Casting: Corona (safe; 6% risk of failure)
Confirm with . or Enter, or press ? or * to list all spells.
Okay, then.
Sorry, you're not good enough to have a special ability.
Casting: Corona (safe; 6% risk of failure)
Confirm with . or Enter, or press ? or * to list all spells.
Aiming: Corona (safe; 6% risk of failure)
Press: ? - help, Shift-Dir - straight line, f - jackal
Aim: a jackal (heavily wounded, chance to affect: 63%)
The jackal is outlined in light.
The jackal barely misses you. x2
You barely miss the jackal.
The jackal is heavily wounded.
The jackal misses you.
You hit the jackal but do no damage.
The jackal is heavily wounded.
The jackal bites you.
* * * LOW HITPOINT WARNING * * *
The jackal bites you.
* * * LOW HITPOINT WARNING * * *
Unknown command.
You barely miss the jackal.
The jackal is heavily wounded.
The jackal barely misses you.
You hit the jackal.
You kill the jackal!
You barely miss the ball python. The ball python bites you.
* * * LOW HITPOINT WARNING * * *
The ball python closely misses you.
You closely miss the ball python. The ball python bites you.
You die...

##.♣.## #P#<#P#
##P.P## #P♣.♣P#
#♣...♣# #.....#
#.≈8≈.# #.≈≈≈.#
#@≈#≈.# ##S###'#
# #..##..# #.
#.###.##
#..##+###.###.##
.....^......†..#
...............#
...............#
...............#


You could see a ball python.

Vanquished Creatures
  A dart slug (D:1)
  2 jackals (D:1)
3 creatures vanquished.

Notes
Turn   | Place    | Note
-------+----------+-------------------------------------------
     0 | D:1      | Hoon the Hill Orc Enchanter began the quest for the Orb.
     0 | D:1      | Reached XP level 1. HP: 14/14 MP: 3/3
    11 | D:1      | Learned a level 1 spell: Animate Skeleton
   252 | D:1      | Slain by a ball python

Illustrated notes

Levels and vault maps discovered:
D:1:      tarquinn_simple_flora_water_d, layout_basic, basic_ecumenical_altar,
          corexii_hall_statues_u, minmay_misc_feat_tower

Action                   || total
-------------------------++-------
Melee: Dagger            ||    30
 Cast: Corona            ||     1
Armor: Robe              ||     4
Dodge: Dodged            ||    26
